 Dungeon Crawl Stone Soup version 0.21.1-1-g345015fe64 (webtiles) character file.

114 HooM the Magician (level 4, -9/27 HPs)
             Began as an Octopode Wizard on Mar 15, 2018.
             Was a Follower of Kikubaaqudgha.
             Mangled by an orc priest
             ... wielding a +0 flail
              (13 damage)
             ... on level 3 of the Dungeon.
             The game lasted 00:12:29 (2169 turns).

HooM the Magician (Octopode Wizard)                 Turns: 2169, Time: 00:12:30

Health: -9/27      AC:  1    Str:  6    XL:     4   Next: 98%
Magic:  8/10       EV: 13    Int: 21    God:    Kikubaaqudgha [*.....]
Gold:   73         SH:  0    Dex: 10    Spells: 9/11 levels left

rFire    . . .     SeeInvis .   k - +0 dagger
rCold    . . .     Gourm    .   (no shield)
rNeg     . . .     Faith    .   a - +0 hat
rPois    .         Spirit   .   (no amulet)
rElec    .         Reflect  .   (no ring)
rCorr    .         Harm     .   (no ring)
MR       .....                  (no ring)
Stlth    +++.......             (no ring)
HPRegen  0.09/turn              (no ring)
MPRegen  0.12/turn              (no ring)
                                (no ring)
                                (no ring)

@: no status effects
A: almost no armour, stealthy swim, amphibious, 8 rings, constrict 8, camouflage
1, gelatinous body 1
a: Receive Corpses, Renounce Religion


You were on level 3 of the Dungeon.
You worshipped Kikubaaqudgha.
Kikubaaqudgha was aware of your devotion.
You were hungry.

You visited 1 branch of the dungeon, and saw 3 of its levels.

You collected 73 gold pieces.

Inventory:

Hand Weapons
 k - a +0 dagger (weapon)
Missiles
 e - 235 stones (quivered)
Armour
 a - a +0 hat (worn)
Scrolls
 d - a scroll of identify {unknown}
 f - 3 scrolls of teleportation
 g - a scroll of fog {unknown}
 j - a scroll of amnesia {unknown}
 l - a scroll of enchant weapon {unknown}
 o - a scroll of enchant armour {unknown}
Potions
 h - a potion of resistance {unknown}
 i - 3 potions of brilliance {unknown}
 m - a potion of lignification {unknown}
 p - a potion of berserk rage {unknown}
 r - a potion of flight {unknown}
Books
 b - a book of Minor Magic

   Spells                             Type                      Level
   a - Magic Dart                     Conjuration                  1
   b - Blink                          Translocation                2
   c - Call Imp                       Summoning                    2
   d - Slow                           Hexes                        2
   e - Conjure Flame                  Conjuration/Fire             3
   f - Mephitic Cloud                 Conjuration/Poison/Air       3
 n - Kikubaaqudgha's Incunabulum of Stolen Souls
   (Kikubaaqudgha gifted it to you on level 2 of the Dungeon)

   Spells                             Type                      Level
   a - Animate Skeleton               Necromancy                   1
   b - Pain                           Necromancy                   1
   c - Sublimation of Blood           Necromancy                   2
   d - Vampiric Draining              Necromancy                   3
Comestibles
 c - 6 rations


   Skills:
 + Level 0.3 Fighting
 + Level 0.3 Short Blades
 + Level 0.7 Throwing
 + Level 2.2 Dodging
 + Level 3.2 Stealth
 + Level 1.0 Unarmed Combat
 + Level 4.2 Spellcasting
 + Level 1.7 Conjurations
   Level 1.0 Summonings
   Level 1.0 Translocations


You had 9 spell levels left.
You knew the following spells:

 Your Spells              Type           Power        Failure   Level  Hunger
a - Magic Dart            Conj           ##..         5%          1    None
b - Pain                  Necr           #...         12%         1    None


Dungeon Overview and Level Annotations

Branches:
Dungeon (3/15)

Altars:
Kikubaaqudgha


Innate Abilities, Weirdness & Mutations

You cannot wear most types of armour.
You are very stealthy in the water. (Stealth+)
You are amphibious.
You can wear up to eight rings at the same time.
You can use your tentacles to constrict eight enemies at once.
Your skin changes colour to match your surroundings (Stealth+).
Your rubbery body absorbs attacks. (AC +1, EV +1)


Message History

You constrict the orc priest, but do no damage.
The orc priest hits you with a flail.
* * * LOW HITPOINT WARNING * * *
You release your grip on the orc priest.
Casting: Magic Dart
Confirm with . or Enter, or press ? or * to list all spells.
Aiming: Magic Dart
Press: ? - help, Shift-Dir - straight line, f - orc priest
Aim: an orc priest, wielding a flail and wearing a ring mail The magic dart hits the orc priest.
The orc priest misses you.
Casting: Magic Dart
Confirm with . or Enter, or press ? or * to list all spells.
Aiming: Magic Dart
Press: ? - help, Shift-Dir - straight line, f/p - orc priest
Aim: an orc priest, wielding a flail and wearing a ring mail The magic dart hits the orc priest.
The orc priest is lightly wounded.
The orc priest hits you with a flail!
You die...
Kikubaaqudgha rasps: "You have failed me!
Welcome... death!"

#. ## #. .. ## #. # #.
### #. #.. #. #.#
###$################.#
#..go@............##.#
#.#)#############.##.#
#. #.##.# #. #..... ..
####.# .. #.# ... #..
... #.. #.#


You could see an orc priest and a goblin.

Vanquished Creatures
  4 adders
  4 worms
  2 dart slugs
  2 leopard geckos
  2 orcs (D:3)
  3 ball pythons
  5 giant cockroaches
  8 hobgoblins
  4 bats
  3 frilled lizards
  11 goblins
  5 kobolds
  6 rats
59 creatures vanquished.

Notes
Turn   | Place    | Note
-------+----------+-------------------------------------------
     0 | D:1      | HooM the Octopode Wizard began the quest for the Orb.
     0 | D:1      | Reached XP level 1. HP: 11/11 MP: 4/4
   210 | D:1      | Reached XP level 2. HP: 17/17 MP: 1/6
   854 | D:1      | Reached XP level 3. HP: 21/21 MP: 8/8
  1086 | D:2      | Reached skill level 1 in Unarmed Combat
  1194 | D:2      | Reached XP level 4. HP: 11/27 MP: 0/9
  1465 | D:2      | Reached skill level 4 in Spellcasting
  1674 | D:2      | Found a faded altar of an unknown god.
  1698 | D:2      | Became a worshipper of Kikubaaqudgha
  1698 | D:2      | Reached * piety under Kikubaaqudgha
  1698 | D:2      | Identified Kikubaaqudgha's Incunabulum of Stolen Souls (Kikubaaqudgha gifted it to you on level 2 of the Dungeon)
  1698 | D:2      | Received a gift from Kikubaaqudgha
  1702 | D:2      | Learned a level 1 spell: Pain
  2169 | D:3      | Mangled by an orc priest

Skill      XL: |  1  2  3  4 |
---------------+-------------+-----
Stealth        | 3 |  3.2
Unarmed Combat | 1 |  1.0
Spellcasting   | 4 |  4.2
Fighting       | |  0.3
Short Blades   | |  0.3
Throwing       | |  0.7
Dodging        | |  2.2
Conjurations   | |  1.7
Summonings     | |  1.0
Translocations | |  1.0

Action                   |  1- 3 |  4- 6 || total
-------------------------+-------+-------++-------
Melee: Unarmed           |    17 |       ||    17
       Constrict         |    11 |    12 ||    23
       Tentacles         |     5 |     6 ||    11
       Dagger            |    19 |    45 ||    64
       Hand axe          |     3 |       ||     3
       Punch             |       |     1 ||     1
Throw: Stone             |    17 |    10 ||    27
 Cast: Magic Dart        |    66 |    59 ||   125
  Use: Scroll            |       |     1 ||     1
  Eat: Chunk             |     1 |     2 ||     3
Armor: Skin              |     3 |       ||     3
Dodge: Dodged            |    24 |    26 ||    50
